 Dungeon Crawl Stone Soup version 0.29-a0-330-g52719c12eb (webtiles) character file.

Game seed: 18107099013286791789

6132 dohliylev the Grappler (level 10, 0/98 HPs)
             Began as a Troll Berserker on May 10, 2022.
             Was a High Priest of Trog.
             Slain by a rust devil (12 damage)
             ... on level 7 of the Dungeon.
             The game lasted 00:21:12 (7075 turns).

dohliylev the Grappler (Troll Berserker)            Turns: 7075, Time: 00:21:13

Health: 0/98       AC: -40   Str: 31    XL:     10   Next: 59%
Magic:  9/9        EV: 14    Int:  3    God:    Trog [*****.]
Gold:   541        SH:  5    Dex:  9    Spells: 9/9 levels left

rFire   . . .      SeeInvis .     - Unarmed
rCold   . . .      Faith    +   G - +0 kite shield
rNeg    + . .      Spirit   .   p - +1 robe {rN+}
rPois   .          Reflect  .   x - +2 hat
rElec   .          Harm     .   s - +0 cloak
rCorr   .          Rampage  .   (gloves unavailable)
Will    .....                   (boots unavailable)
Stlth   +.........              E - amulet of faith
HPRegen 1.06/turn               y - +4 ring of evasion
MPRegen 0.11/turn               (no ring)

@: corroded, on berserk cooldown, slowed, very slow
A: large, unfitting armour, claws 3, regeneration 1, shaggy fur 1, tough skin 1
a: Renounce Religion, Berserk, Trog's Hand, Brothers in Arms


You were on level 7 of the Dungeon.
You worshipped Trog.
Trog was extremely pleased with you.
You visited 1 branch of the dungeon, and saw 9 of its levels.
You also visited: Sewer.

You collected 541 gold pieces.

Inventory:

Hand Weapons
 n - the +7 rapier of Calamity {pain, rF++ MP+9 Dex+7}
   (You found it on level 8 of the Dungeon)

   In the hands of one skilled in necromantic magic, it inflicts extra damage on
   living creatures.
   Dex:       It affects your dexterity (+7).
   rF:        It greatly protects you from fire.
   MP:        It affects your magic capacity (+9).
   Trog disapproves of the use of such an item.
Missiles
 c - 4 large rocks
 B - 3 boomerangs (quivered)
Armour
 p - a +1 robe of positive energy (worn)
 s - a +0 cloak (worn)
 x - a +2 hat (worn)
 G - a +0 kite shield (worn)
Jewellery
 y - a +4 ring of evasion (left claw)
 E - an amulet of faith (around neck)
Wands
 l - a wand of paralysis (9)
 C - a wand of digging (6)
Scrolls
 d - 3 scrolls of fear
 e - 3 scrolls of identify
 f - 2 scrolls of enchant armour
 g - 7 scrolls of teleportation
 i - a scroll of acquirement
 j - 2 scrolls of brand weapon
 o - 2 scrolls of blinking {unknown}
 v - a scroll of summoning {unknown}
 A - a scroll of fog {unknown}
 D - a scroll of magic mapping
 F - a scroll of torment {unknown}
Potions
 a - a potion of flight {unknown}
 b - 7 potions of brilliance {unknown}
 h - 7 potions of curing {unknown}
 k - 2 potions of might {unknown}
 m - 3 potions of heal wounds {unknown}
 q - a potion of cancellation {unknown}
 r - 2 potions of mutation {unknown}
 t - a potion of haste
 u - a potion of resistance {unknown}
 w - a potion of berserk rage {unknown}
 z - a potion of attraction {unknown}


   Skills:
 + Level 5.7 Fighting
 + Level 3.4 Throwing
 + Level 7.4 Dodging
 + Level 0.1 Shields
 - Level 12.0 Unarmed Combat
 + Level 0.1 Evocations


You had 9 spell levels left.
You didn't know any spells.
Your spell library was empty.

Dungeon Overview and Level Annotations

Branches:
Dungeon (9/15)             Temple (0/1) D:6           Sewer (visited)
   Lair: D:8-11         Orc: D:9-12

Altars:
Ashenzari
Dithmenos
Gozag
Hepliaklqana
Kikubaaqudgha
Qazlal
Trog
Uskayaw
Yredelemnul

Shops:
D:7 (   D:8 [

Annotations:
D:4 1 runed translucent door
D:9 1 runed translucent door, NigelTetley's ghost, journeyman OpTm


Innate Abilities, Weirdness & Mutations

You are too large for most types of armour.
You have claws for hands.
Your natural rate of healing is unusually fast.
You are covered in fur. (AC +1)
You have tough skin. (AC +1)


Message History

The rust devil is heavily wounded.
You feel the effects of Trog's Hand fading.
You block the rust devil's attack. The rust devil hits you.
The rust devil corrodes you! The rust devil hits you.
The rust devil corrodes you! The rust devil closely misses you.
You closely miss the rust devil.
The rust devil is heavily wounded.
The rust devil hits you. The rust devil corrodes you!
You block the rust devil's attack.
You claw the rust devil!
The rust devil is almost dead.
You block the rust devil's attack. The rust devil hits you!
The rust devil corrodes you! The rust devil hits you.
The rust devil corrodes you! The rust devil hits you!
The rust devil corrodes you!
You scratch the rust devil but do no damage.
The rust devil is severely wounded.
Your skin stops crawling.
You feel less strong-willed. The rust devil barely misses you.
The rust devil hits you. The rust devil corrodes you!
You scratch the rust devil.
The rust devil is almost dead.
You block the rust devil's attack. The rust devil hits you.
The rust devil corrodes you!
You scratch the rust devil but do no damage.
The rust devil is almost dead.
The rust devil barely misses you. The rust devil hits you!
* * * LOW HITPOINT WARNING * * *
The rust devil corrodes you! The rust devil completely misses you.
You block the rust devil's attack.
You scratch the rust devil but do no damage.
The rust devil is almost dead.
The rust devil hits you.
* * * LOW HITPOINT WARNING * * *
The rust devil corrodes you! The rust devil hits you!
* * * LOW HITPOINT WARNING * * *
The rust devil corrodes you!
The rust devil attacks as you move away!
The rust devil hits you!
You die...

........###......).#....#
#.......##...#.#.....####
....†...##...###..##..#.##
...##...###...........#..####
........##.......#..........#
......#.....................#
......#........###.........##
.............###>###.......#
............##♣)@4♣##......####
#...........#)..4..)#..#......##
#..........###.....###.#.####..#
#..##......#['..8..'[#.### ##.#
....##.(...###.....###.# #.#
...####.....#).....)#..# #.##
...####.....##♣...♣##.########..#
.............###∩###..#.........#
....#..........###...##..#...#..#


You could see 2 rust devils.

Vanquished Creatures
  Pikel (D:5)
  The ghost of anonymous the Skirmisher, a novice OgBe of Trog (D:4)
  A troll (D:7)
  The ghost of WLBjork the Covert, a novice SpBr of Wu Jian (D:6)
  Grinder (D:3)
  Sigmund (D:3)
  Eustachio (D:5)
  4 water moccasins
  Duvessa (D:4)
  2 black bears (D:4)
  4 orc warriors
  4 ice beasts
  A sky beast (D:7)
  An ogre (D:6)
  A centaur (D:8)
  2 phantoms
  A lemure (D:5)
  3 bullfrogs
  A kobold brigand (D:8)
  4 scorpions
  A gnoll sergeant (D:8)
  A wyvern zombie (D:6)
  4 necrophages
  10 wights
  Dowan (D:4)
  2 electric eels (D:8)
  4 howler monkeys
  A centaur zombie (D:6)
  A jelly (D:5)
  3 orc priests
  A gnoll shaman (D:5)
  2 hounds (D:6)
  An iguana (D:6)
  7 orc wizards
  A hell rat (Sewer)
  Robin (D:4)
  13 gnolls
  11 adders
  5 river rats
  A shadow imp (D:8)
  2 white imps (D:7)
  An ufetubus (D:6)
  4 worms
  3 dart slugs
  30 orcs
  7 bats
  4 endoplasms
  6 giant cockroaches
  15 goblins
  13 hobgoblins
  4 jackals (D:4)
  2 quokkas
  4 ball pythons
  2 frilled lizards (D:2)
  14 kobolds
  17 rats
235 creatures vanquished.

Vanquished Creatures (others)
  An orc wizard (D:6)
1 creature vanquished.

Grand Total: 236 creatures vanquished

Notes
Turn   | Place    | Note
-------+----------+-------------------------------------------
     0 | D:1      | dohliylev the Troll Berserker began the quest for the Orb.
     0 | D:1      | Reached XP level 1. HP: 22/22 MP: 0/0
   145 | D:1      | Reached XP level 2. HP: 29/29 MP: 1/1
   288 | D:1      | Found a faded altar of an unknown god.
   893 | D:2      | Reached ** piety under Trog
   897 | D:2      | Reached XP level 3. HP: 36/36 MP: 2/2
  1436 | D:3      | Found a hide-covered altar of Uskayaw.
  1616 | D:3      | Noticed Grinder
  1617 | D:3      | Paralysed by Grinder for 4 turns
  1626 | D:3      | Killed Grinder
  1627 | D:3      | Reached skill level 5 in Unarmed Combat
  1627 | D:3      | Reached XP level 4. HP: 23/45 MP: 3/3
  1627 | D:3      | Reached XP level 5. HP: 28/53 MP: 4/4
  1682 | D:3      | Noticed Sigmund
  1693 | D:3      | Killed Sigmund
  1694 | D:3      | Reached skill level 6 in Unarmed Combat
  1694 | D:3      | Reached XP level 6. HP: 61/61 MP: 5/5
  2030 | D:4      | Noticed Robin
  2047 | D:4      | Killed Robin
  2059 | D:4      | Reached *** piety under Trog
  2142 | D:4      | Reached XP level 7. HP: 51/67 MP: 6/6
  2251 | D:4      | Found a glowing drain.
  2267 | Sewer    | Entered a sewer
  2442 | D:4      | Found a runed translucent door.
  2447 | D:4      | Noticed anonymous's ghost (novice OgBe)
  2487 | D:4      | Reached skill level 7 in Unarmed Combat
  2548 | D:4      | Noticed Dowan
  2552 | D:4      | Noticed Duvessa
  2556 | D:4      | Killed Dowan
  2556 | D:4      | Reached **** piety under Trog
  2564 | D:4      | Killed Duvessa
  2666 | D:4      | Found a runed translucent door.
  2747 | D:4      | Reached skill level 8 in Unarmed Combat
  2747 | D:4      | Reached XP level 8. HP: 49/75 MP: 7/7
  3155 | D:4      | Found a stormy altar of Qazlal.
  3266 | D:4      | Killed anonymous's ghost
  3267 | D:4      | Reached skill level 5 in Dodging
  3267 | D:4      | Reached skill level 9 in Unarmed Combat
  3323 | D:5      | Entered Level 5 of the Dungeon
  3343 | D:5      | Noticed Pikel
  3364 | D:5      | Killed Pikel
  3365 | D:5      | Reached skill level 1 in Throwing
  3365 | D:5      | Reached skill level 10 in Unarmed Combat
  3365 | D:5      | Reached XP level 9. HP: 84/84 MP: 8/8
  3815 | D:5      | Identified the +0 mace of Unpleasantness {vamp, rN+ Str+6
                  | Int+4}
  3843 | D:5      | Noticed Eustachio
  3847 | D:5      | Killed Eustachio
  4195 | D:6      | Reached skill level 11 in Unarmed Combat
  4215 | D:6      | Found a staircase to the Ecumenical Temple.
  4586 | D:6      | Found an ancient bone altar of Kikubaaqudgha.
  5046 | D:6      | You fall into a shaft and drop 3 floors!
  5046 | D:9      | Noticed NigelTetley's ghost (journeyman OpTm)
  5046 | D:9      | Found a runed translucent door.
  5095 | D:9      | Identified a scroll of acquirement
  5138 | D:8      | Found Okyjeash's Armour Shop.
  5210 | D:7      | Noticed a rust devil
  5210 | D:7      | Noticed a rust devil
  5256 | D:8      | Reached XP level 10. HP: 82/93 MP: 9/9
  5292 | D:8      | Identified the +7 rapier of Calamity {pain, rF++ MP+9
                  | Dex+7}
  5442 | D:8      | Found an opulent altar of Gozag.
  5462 | D:7      | Reached ***** piety under Trog
  5536 | D:6      | Found a runed translucent gate.
  5536 | D:6      | Found a runed translucent gate.
  5536 | D:6      | Found a runed translucent gate.
  5536 | D:6      | Noticed WLBjork's ghost (novice SpBr)
  5538 | D:6      | Found a basalt altar of Yredelemnul.
  5744 | D:6      | Killed WLBjork's ghost
  5745 | D:6      | Reached skill level 12 in Unarmed Combat
  5998 | D:7      | Reached skill level 5 in Fighting
  6165 | D:7      | Found a broken altar of Ashenzari.
  6221 | D:7      | Found a hazy altar of Hepliaklqana.
  6388 | D:7      | Found Ypequ's Antique Weapon Shop.
  6864 | D:8      | Found a shadowy altar of Dithmenos.
  6867 | D:8      | Found a bloodstained altar of Trog.
  6870 | D:8      | Received a gift from Trog
  7075 | D:7      | Slain by a rust devil

Illustrated notes

Levels and vault maps discovered:
D:1:      dreamdust_arrival_beginning_and_end, layout_loops_ring,
          shapermc_ecumenical_altar_hornbeckon, minmay_misc_feat_five,
          minmay_tromino_v4_b
D:2:      layout_loops_ring, grunt_ministairs_10
D:3:      layout_basic, amcnicky_altar_gilded, uniq_sigmund, uniq_grinder
D:4:      layout_basic, nicolae_qazlal_eye_of_the_storm, ebering_ghost_sewer_f,
          lightli_sewer_entry_pipes, minmay_misc_feat_hallway,
          minmay_misc_feat_room, grunt_decor_mini_mirrors,
          hangedman_decor_slide_cut, uniq_duvessa, uniq_robin
D:5:      layout_loops_ring, serial_glass, glass_columns_c, glass_columns_a,
          due_unseen_surprise, feat_on_display, uniq_eustachio, uniq_pikel
D:6:      layout_layer_cave, nicolae_yredelemnul_ghost_church,
          kiku_gazebo_pond_becter, minmay_temple_entry_arrows,
          minmay_a_box_with_orc_wizards_in_it
D:7:      cheibrodos_iron_armory, layout_cave_pools,
          mainiacjoe_overflow_24_doors, cheibrodos_ashenzari_chains,
          serial_shops, nicolae_shop_advertising_works
          [nicolae_subvault_shop_adworks]
D:8:      nicolae_cairo_tiling_very_big, layout_cave_pools,
          nicolae_gozag_seed_capital, nicolae_overflow_squiral, serial_shops,
          shop
D:9:      layout_gridville, mainiacjoe_overflow_boulevard,
          hellmonk_ghost_happy_afterlife, uniq_maurice

Skill      XL: |  1  2  3  4  5  6  7  8  9 10 |
---------------+-------------------------------+-----
Dodging        | 3 4 5 6 7 |  7.4
Fighting       | 3 4 5 |  5.7
Unarmed Combat | 5 6 8 10 11 12 | 12.0
Throwing       | 1 3 |  3.4
Shields        | |  0.1
Evocations     | |  0.1

Action                   |  1- 3 |  4- 6 |  7- 9 | 10-12 || total
-------------------------+-------+-------+-------+-------++-------
Melee: Unarmed           |   121 |    64 |   315 |   168 ||   668
       Punch             |       |       |     9 |     6 ||    15
Throw: Large rock        |     2 |     3 |     4 |       ||     9
       Boomerang         |       |       |    24 |       ||    24
Invok: Berserk           |     1 |     2 |     7 |     3 ||    13
       Trog's Hand       |       |       |     2 |     2 ||     4
Evoke: Wand              |       |       |       |     1 ||     1
  Use: Scroll            |       |     4 |     6 |       ||    10
Armor: Animal skin       |    48 |    25 |    46 |       ||   119
       Robe              |       |       |    52 |    29 ||    81
Dodge: Dodged            |    67 |    45 |   154 |   100 ||   366
Block: Kite shield       |       |       |       |    12 ||    12

Table legend: (Time is in decaauts)
 A = Elapsed time spent in this place.
 B = Non-inter-level travel time spent in this place.
 C = Inter-level travel time spent in this place.
 D = Time resting spent in this place.
 E = Time spent auto-exploring this place.
 F = Levels seen in this place.
 G = Mean time per level.
                   A        B        C        D        E       F      G
               +--------+--------+--------+--------+--------+-----+--------+
         Total |   7152 |   6728 |    424 |    506 |   4455 |  10 |  715.2 |
       Dungeon |   7014 |   6590 |    424 |    506 |   4381 |   9 |  779.3 |
         Sewer |    138 |    138 |      0 |      0 |     73 |   1 |  138.0 |
               +--------+--------+--------+--------+--------+-----+--------+

Top non-repeatable levels by time:
     D:6: 1289 daAuts
     D:4: 1236 daAuts
     D:5: 936 daAuts
     D:1: 820 daAuts
     D:8: 819 daAuts
     D:3: 617 daAuts
     D:2: 604 daAuts
     D:7: 598 daAuts
   Sewer: 138 daAuts
     D:9: 91 daAuts
